MLB
SEATTLE MARINERS @ KANSAS CITY ROYALS
04/10/2018
 
TOP OF THE 1ST
Seattle Mariners batting - Pitching for Kansas City Royals : RHP Ivan Nova
Pitching: RHP Ivan Nova
Batting: LHB Ben Revere 0-0: Ball
1-0: Ground out 6-3 (Groundball, 4MS)
Batting: RHB Matt Kemp 0-0: Swinging Strike
0-1: Swinging Strike
0-2: Ball
1-2: Ball
2-2: Strikes out swinging
Batting: RHB Manny Machado 0-0: Ball
1-0: Ball
2-0: Called Strike
2-1: Fly out, F8 (Flyball, 8RD)
Top of the 1st over - 0 runs, 0 hits, 0 errors, 0 left on base; Seattle 0 - Kansas City 0
BOTTOM OF THE 1ST
Kansas City Royals batting - Pitching for Seattle Mariners : RHP Brad Keller
Pitching: RHP Brad Keller
Batting: LHB Joe Mauer 0-0: Called Strike
0-1: Ball
1-1: Foul Ball, location: 2F
1-2: SOLO HOME RUN (Line Drive, 8LXD), Distance : 438 ft
Batting: SHB Jurickson Profar 0-0: Ball
1-0: Ball
2-0: Called Strike
2-1: Foul Ball, location: 2F
2-2: Ball
3-2: Fly out, F8 (Line Drive, 8LD)
Batting: LHB Jesse Winker 0-0: Ball
1-0: Ground out U3 (Groundball, 3)
Batting: LHB Lonnie Chisenhall 0-0: Ball
1-0: Ball
2-0: Called Strike
2-1: Swinging Strike
2-2: Fly out, F9 (Flyball, 9)
Bottom of the 1st over - 1 run, 1 hit, 0 errors, 0 left on base; Seattle 0 - Kansas City 1
TOP OF THE 2ND
Seattle Mariners batting - Pitching for Kansas City Royals : RHP Ivan Nova
Batting: RHB Kris Bryant 0-0: Ball
1-0: Foul Ball, location: 2F
1-1: Called Strike
1-2: Ball
2-2: SINGLE (Line Drive, 6MD)
Batting: RHB Yadier Molina 0-0: Ball
1-0: Foul Ball, location: 2F
1-1: Ball
2-1: Called Strike
2-2: Ball
3-2: Base on Balls
Kris Bryant to second
Batting: RHB Hanley Ramirez 0-0: Called Strike
0-1: Foul Ball, location: 2F
0-2: Ball
1-2: Strikes out swinging
Batting: LHB Preston Tucker 0-0: Ball
1-0: Swinging Strike
1-1: Ball
2-1: Fielders Choice at 2nd, 6-4 (Groundball, 6)
Kris Bryant to third
Batting: RHB Christian Villanueva 0-0: Called Strike
0-1: SINGLE (Groundball, 56S) (infield hit)
Kris Bryant scores
Preston Tucker to second
Batting: LHB Brandon Nimmo 0-0: Called Strike
0-1: Fly out, F8 (Line Drive, 8LD)
Top of the 2nd over - 1 run, 2 hits, 0 errors, 2 left on base; Seattle 1 - Kansas City 1
BOTTOM OF THE 2ND
Kansas City Royals batting - Pitching for Seattle Mariners : RHP Brad Keller
Batting: RHB Albert Pujols 0-0: Ball
1-0: Fly out, F7 (Flyball, 7S)
Batting: LHB Raimel Tapia 0-0: SINGLE (Line Drive, 89M)
Batting: RHB Dansby Swanson 0-0: Ball
1-0: Ball
2-0: Ball
3-0: Base on Balls
Raimel Tapia to second
Batting: LHB Luis Valbuena 0-0: Called Strike
0-1: Ball
1-1: 3-RUN HOME RUN (Flyball, 89XD), Distance : 406 ft
Batting: SHB Matt Wieters 0-0: Ball
1-0: Swinging Strike
1-1: Called Strike
1-2: SINGLE (Line Drive, 56)
Batting: LHB Joe Mauer 0-0: Swinging Strike
0-1: Called Strike
0-2: Foul Ball, location: 2F
0-2: Ball
1-2: Ball
2-2: Foul Ball, location: 2F
2-2: Ball
3-2: Fielders Choice at 2nd, 5-4 (Groundball, 5L)
Batting: SHB Jurickson Profar 0-0: Ball
1-0: Fly out, F9 (Flyball, 9LD)
Bottom of the 2nd over - 3 runs, 3 hits, 0 errors, 1 left on base; Seattle 1 - Kansas City 4
TOP OF THE 3RD
Seattle Mariners batting - Pitching for Kansas City Royals : RHP Ivan Nova
Batting: LHB Ben Revere 0-0: Ball
1-0: Ball
2-0: Ball
3-0: Called Strike
3-1: Fly out, F9 (Flyball, 89D)
Batting: RHB Matt Kemp 0-0: Called Strike
0-1: Ball
1-1: Ground out 1-3 (Groundball, 23)
Batting: RHB Manny Machado 0-0: Ball
1-0: Swinging Strike
1-1: Ball
2-1: Foul Ball, location: 2F
2-2: Foul Ball, location: 2F
2-2: SINGLE (Groundball, 56D)
Batting: RHB Kris Bryant 0-0: Ball
1-0: Ball
2-0: Swinging Strike
2-1: DOUBLE (Line Drive, 78D)
Manny Machado to third
Batting: RHB Yadier Molina 0-0: Ball
1-0: Ground out 4-3 (Groundball, 4)
Top of the 3rd over - 0 runs, 2 hits, 0 errors, 2 left on base; Seattle 1 - Kansas City 4
BOTTOM OF THE 3RD
Kansas City Royals batting - Pitching for Seattle Mariners : RHP Brad Keller
Batting: LHB Jesse Winker 0-0: Ball
1-0: Ball
2-0: Ball
3-0: Called Strike
3-1: Fly out, F9 (Flyball, 9D)
Batting: LHB Lonnie Chisenhall 0-0: Ball
1-0: Ground out 4-3 (Groundball, 34D)
Batting: RHB Albert Pujols 0-0: Ball
1-0: Swinging Strike
1-1: Ground out 6-3 (Groundball, 56)
Bottom of the 3rd over - 0 runs, 0 hits, 0 errors, 0 left on base; Seattle 1 - Kansas City 4
TOP OF THE 4TH
Seattle Mariners batting - Pitching for Kansas City Royals : RHP Ivan Nova
Batting: RHB Hanley Ramirez 0-0: Ball
1-0: Ball
2-0: Swinging Strike
2-1: Called Strike
2-2: Strikes out swinging
Batting: LHB Preston Tucker 0-0: Called Strike
0-1: DOUBLE (Line Drive, 89XD)
Batting: RHB Christian Villanueva 0-0: Foul Ball, location: 2F
0-1: Ball
1-1: Foul Ball, location: 2F
1-2: Ball
2-2: Ball
3-2: Foul Ball, location: 2F
3-2: Fly out, F3 (Popup, 34S)
Batting: LHB Brandon Nimmo 0-0: Ball
1-0: Swinging Strike
1-1: Ball
2-1: Ground out 5-3 (Groundball, 56)
Top of the 4th over - 0 runs, 1 hit, 0 errors, 1 left on base; Seattle 1 - Kansas City 4
BOTTOM OF THE 4TH
Kansas City Royals batting - Pitching for Seattle Mariners : RHP Brad Keller
Batting: LHB Raimel Tapia 0-0: SINGLE (Groundball, 4) (infield hit)
Batting: RHB Dansby Swanson 0-0: Ball
1-0: Ball
2-0: Foul Ball, location: 2F
2-1: SINGLE (Line Drive, 56D)
Raimel Tapia to second
Batting: LHB Luis Valbuena 0-0: Foul Ball, location: 2F
0-1: Foul Ball, location: 2F
0-2: Fielders Choice at 2nd, 2-4 (Groundball, 15S)
Raimel Tapia to third
Batting: SHB Matt Wieters 0-0: Ball
1-0: SINGLE (Groundball, 34D)
Raimel Tapia scores
Luis Valbuena to second
Runner from 2nd tries for 3rd, SAFE, throw made to third
Batting: LHB Joe Mauer 0-0: Called Strike
0-1: DOUBLE (Line Drive, 7LM)
Luis Valbuena scores
Matt Wieters to third
Runner from 3rd tries for Home, SAFE, no throw
Batting: SHB Jurickson Profar 0-0: Ball
1-0: Foul Ball, location: 2F
1-1: Foul Ball, location: 2F
1-2: Ball
2-2: Ball
3-2: Base on Balls
Batting: LHB Jesse Winker 0-0: Ball
1-0: Ball
2-0: Ball
3-0: Foul Ball, location: 2F
3-1: Foul Ball, location: 2F
3-2: Base on Balls
Joe Mauer to third
Jurickson Profar to second
Batting: LHB Lonnie Chisenhall 0-0: Ball
1-0: SINGLE (Groundball, 4) (infield hit)
Joe Mauer scores
Jurickson Profar to third
Jesse Winker to second
Pitching: RHP Gabriel Ynoa
Batting: RHB Albert Pujols 0-0: Ball
1-0: Swinging Strike
1-1: Fielders Choice at 2nd, 6-4 (Groundball, 6)
Jurickson Profar scores
Jesse Winker to third
Batting: LHB Raimel Tapia 0-0: Fielders Choice at 2nd, 6-4 (Groundball, 4M)
Bottom of the 4th over - 5 runs, 5 hits, 0 errors, 2 left on base; Seattle 1 - Kansas City 9
TOP OF THE 5TH
Seattle Mariners batting - Pitching for Kansas City Royals : RHP Ivan Nova
Batting: LHB Ben Revere 0-0: Ball
1-0: Ground out 4-3 (Groundball, 4D)
Batting: RHB Matt Kemp 0-0: Called Strike
0-1: Ground out 5-3 (Groundball, 5S)
Batting: RHB Manny Machado 0-0: Ball
1-0: SINGLE (Line Drive, 34D)
Batting: RHB Kris Bryant 0-0: Foul Ball, location: 2F
0-1: Ball
1-1: Called Strike
1-2: Ball
2-2: Foul Ball, location: 2F
2-2: Fielders Choice at 2nd, 4-6 (Groundball, 6M)
Top of the 5th over - 0 runs, 1 hit, 0 errors, 1 left on base; Seattle 1 - Kansas City 9
BOTTOM OF THE 5TH
Kansas City Royals batting - Pitching for Seattle Mariners : RHP Gabriel Ynoa
Batting: RHB Dansby Swanson 0-0: Ground out 2-3 (Groundball, 13S)
Batting: LHB Luis Valbuena 0-0: Foul Ball, location: 2F
0-1: Ball
1-1: Foul Ball, location: 2F
1-2: Foul Ball, location: 2F
1-2: SOLO HOME RUN (Flyball, 78XD), Distance : 397 ft
Batting: SHB Matt Wieters 0-0: Swinging Strike
0-1: Ball
1-1: Ball
2-1: Foul Ball, location: 2F
2-2: Ball
3-2: Ground out 5-3 (Groundball, 56D)
Batting: LHB Joe Mauer 0-0: DOUBLE (Line Drive, 3D)
Batting: SHB Jurickson Profar 0-0: Swinging Strike
0-1: Foul Ball, location: 2F
0-2: Ball
1-2: SINGLE (Groundball, 56) (infield hit)
Joe Mauer to third
Batting: LHB Jesse Winker 0-0: Called Strike
0-1: Swinging Strike
0-2: Foul Ball, location: 2F
0-2: Foul Ball, location: 2F
0-2: Ball
1-2: Foul Ball, location: 2F
1-2: Ball
2-2: Ball
3-2: Fly out, F8 (Flyball, 8RS)
Bottom of the 5th over - 1 run, 3 hits, 0 errors, 2 left on base; Seattle 1 - Kansas City 10
TOP OF THE 6TH
Seattle Mariners batting - Pitching for Kansas City Royals : RHP Ivan Nova
Batting: RHB Yadier Molina 0-0: Called Strike
0-1: Ground out 5-3 (Groundball, 5L)
Batting: RHB Hanley Ramirez 0-0: Ball
1-0: Foul Ball, location: 2F
1-1: DOUBLE (Line Drive, 7LS)
Batting: LHB Preston Tucker 0-0: Ball
1-0: Called Strike
1-1: Ball
2-1: Ball
3-1: Swinging Strike
3-2: Foul Ball, location: 2F
3-2: Ground out 4-3 (Groundball, 4)
Hanley Ramirez to third
Batting: RHB Christian Villanueva 0-0: Ball
1-0: Ball
2-0: Ball
3-0: Called Strike
3-1: Fly out, F9 (Flyball, 89S)
Top of the 6th over - 0 runs, 1 hit, 0 errors, 1 left on base; Seattle 1 - Kansas City 10
BOTTOM OF THE 6TH
Kansas City Royals batting - Pitching for Seattle Mariners : RHP Gabriel Ynoa
Batting: LHB Lonnie Chisenhall 0-0: Fly out, F9 (Flyball, 9)
Batting: RHB Albert Pujols 0-0: Called Strike
0-1: Ball
1-1: Ground out 5-3 (Groundball, 56S)
Batting: LHB Raimel Tapia 0-0: Ground out 1-3 (Groundball, 23)
Bottom of the 6th over - 0 runs, 0 hits, 0 errors, 0 left on base; Seattle 1 - Kansas City 10
TOP OF THE 7TH
Seattle Mariners batting - Pitching for Kansas City Royals : RHP Ivan Nova
Pitching: RHP Phil Hughes
Batting: LHB Brandon Nimmo 0-0: SINGLE (Line Drive, 56D)
Batting: LHB Ben Revere 0-0: Fly out, F6 (Popup, 6)
Batting: RHB Matt Kemp 0-0: Called Strike
0-1: Reached on error, E4 (Groundball, 4MD)
Brandon Nimmo to second
Batting: RHB Manny Machado 0-0: Foul Ball, location: 2F
0-1: Ball
1-1: Foul Ball, location: 2F
1-2: Foul Ball, location: 2F
1-2: Ball
2-2: Ball
3-2: SINGLE (Line Drive, 89S)
Brandon Nimmo to third
Matt Kemp to second
Runner from 3rd tries for Home, SAFE, no throw
Batting: RHB Kris Bryant 0-0: Called Strike
0-1: Foul Ball, location: 2F
0-2: Strikes out swinging
Batting: RHB Yadier Molina 0-0: SINGLE (Groundball, 56D)
Matt Kemp to third
Manny Machado to second
Runner from 3rd tries for Home, SAFE, no throw
Batting: RHB Hanley Ramirez 0-0: Ball
1-0: Ball
2-0: Ball
3-0: Called Strike
3-1: Fielders Choice at 2nd, 5-4 (Groundball, 5)
Top of the 7th over - 2 runs, 3 hits, 1 error, 2 left on base; Seattle 3 - Kansas City 10
BOTTOM OF THE 7TH
Kansas City Royals batting - Pitching for Seattle Mariners : RHP Gabriel Ynoa
Batting: RHB Dansby Swanson 0-0: Foul Ball, location: 2F
0-1: Foul Ball, location: 2F
0-2: Strikes out looking
Batting: LHB Luis Valbuena 0-0: Ball
1-0: Ball
2-0: Called Strike
2-1: Called Strike
2-2: Ball
3-2: Base on Balls
Batting: SHB Matt Wieters 0-0: Ball
1-0: Ball
2-0: Fielders Choice at 2nd, 4-6 (Groundball, 4)
Batting: LHB Joe Mauer 0-0: Fly out, F5 (Popup, 25)
Bottom of the 7th over - 0 runs, 0 hits, 0 errors, 1 left on base; Seattle 3 - Kansas City 10
TOP OF THE 8TH
Seattle Mariners batting - Pitching for Kansas City Royals : RHP Phil Hughes
Batting: LHB Preston Tucker 0-0: Ball
1-0: Ball
2-0: Called Strike
2-1: Swinging Strike
2-2: Foul Ball, location: 2F
2-2: Strikes out swinging
Batting: RHB Christian Villanueva 0-0: Called Strike
0-1: Ball
1-1: Swinging Strike
1-2: Ball
2-2: Fly out, F8 (Flyball, 8RD)
Batting: LHB Brandon Nimmo 0-0: Ball
1-0: Fly out, F8 (Line Drive, 8RM)
Top of the 8th over - 0 runs, 0 hits, 0 errors, 0 left on base; Seattle 3 - Kansas City 10
BOTTOM OF THE 8TH
Kansas City Royals batting - Pitching for Seattle Mariners : RHP Gabriel Ynoa
Batting: SHB Jurickson Profar 0-0: Called Strike
0-1: Ball
1-1: Swinging Strike
1-2: Ball
2-2: Ball
3-2: Foul Ball, location: 2F
3-2: Base on Balls
Pitching: RHP Matt Albers
Batting: LHB Jesse Winker 0-0: Called Strike
0-1: Ball
1-1: SINGLE (Line Drive, 3L)
Jurickson Profar to second
Runner from 2nd tries for 3rd, OUT!
Batting: LHB Lonnie Chisenhall 0-0: Fly out, F7 (Flyball, 78M)
Batting: RHB Albert Pujols 0-0: Ball
1-0: Called Strike
1-1: Called Strike
1-2: Fly out, F7 (Flyball, 78M)
Bottom of the 8th over - 0 runs, 1 hit, 0 errors, 1 left on base; Seattle 3 - Kansas City 10
TOP OF THE 9TH
Seattle Mariners batting - Pitching for Kansas City Royals : RHP Phil Hughes
Pitching: RHP Adam Ottavino
Batting: LHB Ben Revere 0-0: Ball
1-0: Foul Ball, location: 2F
1-1: Ball
2-1: Swinging Strike
2-2: Strikes out looking
Batting: RHB Matt Kemp 0-0: Called Strike
0-1: Ground out 6-3 (Groundball, 56)
Batting: RHB Manny Machado 0-0: Ball
1-0: Fly out, F5 (Popup, 25F)
Top of the 9th over - 0 runs, 0 hits, 0 errors, 0 left on base; Seattle 3 - Kansas City 10
Thursday, May 31st, 2018 - OOTP Baseball 19.6 Build 53